[ AOE2 MATCH · #481251981 ]
1v1 RMWei vs Bohemians
Player's team · LOSS
Rival team · WIN
[ REPLAY ANALYSIS · EXTRACTED FROM THE RECORDED GAME ]
Feudal
9:25
Castle
25:24
Imperial
38:12
| APM avg | 48.9 |
| APM peak | 101 |
| eAPM avg | 24.6 |
| Villagers / military | 113 / 140 |
Focus
⚔️ 36.9% · 🌾 63.1%
Scout Cavalry ×69 · Unknown (1949) ×45 · Scorpion ×33 · Skirmisher ×20 · Battering Ram ×12 · Unknown (1942) ×10
Feudal
9:27
Castle
22:30
Imperial
41:43
| APM avg | 42.4 |
| APM peak | 86 |
| eAPM avg | 19.4 |
| Villagers / military | 136 / 339 |
Focus
⚔️ 33.7% · 🌾 66.3%
Spearman ×189 · Hand Cannoneer ×51 · Skirmisher ×48 · Bombard Cannon ×10 · Hussite Wagon ×9 · Monk ×8
Match map
Initial resources + every placement click. Lines = walls · curves = elevation contours. ◆ gold · ⬟ stone · ● berries · ✦ relic · ◌ wall gap
Your base· Open — unwalled flank
M1NT's base· ✓ Closed at 22:30 · 35t walls · 1 gate(s)
Smoothed initial terrain · ◌ = detected wall gap · hover for details
Inputs per minute
— Kepawer - - M1NT
Build order — Kepawer
First 150 of 508 actions detected
| 0:00 | Create | Villager (Male) |
| 0:00 | Create | Villager (Male) |
| 0:01 | Create | Villager (Male) |
| 0:01 | Create | Villager (Male) |
| 0:02 | Build | House |
| 0:03 | Build | House |
| 1:31 | Create | Villager (Male) |
| 1:59 | Build | Lumber Camp |
| 2:02 | Create | Villager (Male) |
| 2:28 | Create | Villager (Male) |
| 2:53 | Create | Villager (Male) |
| 3:25 | Build | House |
| 3:30 | Create | Villager (Male) |
| 3:47 | Create | Villager (Male) |
| 4:05 | Build | Mill |
| 4:15 | Create | Villager (Male) |
| 4:15 | Create | Villager (Male) |
| 5:03 | Create | Villager (Male) |
| 5:14 | Create | Villager (Male) |
| 5:32 | Create | Villager (Male) |
| 5:47 | Create | Villager (Male) |
| 5:57 | Create | Villager (Male) |
| 6:21 | Research | Loom |
| 7:01 | Research | Feudal Age |
| 7:10 | Build | Lumber Camp |
| 7:51 | Build | House |
| 8:10 | Build | Barracks |
| 9:25 | Age | Feudal Age |
| 9:27 | Build | Stable |
| 9:31 | Research | Double-Bit Axe |
| 9:37 | Create | Villager (Male) |
| 9:37 | Create | Villager (Male) |
| 10:13 | Create | Scout Cavalry |
| 10:13 | Create | Scout Cavalry |
| 10:29 | Build | House |
| 10:30 | Build | Blacksmith |
| 10:38 | Create | Scout Cavalry |
| 11:01 | Create | Villager (Male) |
| 11:04 | Build | House |
| 11:07 | Research | Town Watch |
| 11:16 | Build | House |
| 11:18 | Build | Palisade Wall |
| 11:20 | Create | Villager (Male) |
| 11:33 | Create | Villager (Male) |
| 11:41 | Build | House |
| 11:53 | Build | Farm |
| 11:55 | Build | Farm |
| 11:56 | Build | Farm |
| 12:02 | Build | Farm |
| 12:18 | Research | Forging |
| 12:20 | Build | House |
| 12:21 | Build | Palisade Wall |
| 12:29 | Build | Farm |
| 12:30 | Build | Farm |
| 12:31 | Create | Villager (Male) |
| 12:38 | Research | Horse Collar |
| 12:43 | Build | Farm |
| 13:18 | Build | Farm |
| 13:19 | Build | Farm |
| 13:19 | Create | Villager (Male) |
| 13:20 | Create | Villager (Male) |
| 13:32 | Build | Palisade Wall |
| 13:34 | Create | Villager (Male) |
| 13:49 | Build | Palisade Wall |
| 14:06 | Build | Farm |
| 14:08 | Create | Villager (Male) |
| 14:15 | Create | Villager (Male) |
| 14:28 | Build | Farm |
| 14:29 | Create | Villager (Male) |
| 14:37 | Build | Farm |
| 14:44 | Build | Archery Range |
| 14:54 | Build | Farm |
| 15:02 | Build | Watch Tower |
| 15:29 | Create | Skirmisher |
| 15:29 | Create | Skirmisher |
| 15:52 | Create | Skirmisher |
| 15:53 | Create | Skirmisher |
| 16:07 | Create | Villager (Male) |
| 16:09 | Create | Villager (Male) |
| 16:12 | Build | Farm |
| 16:19 | Create | Skirmisher |
| 16:22 | Research | Fletching |
| 16:50 | Create | Skirmisher |
| 16:51 | Create | Skirmisher |
| 17:10 | Create | Villager (Male) |
| 17:11 | Build | Farm |
| 17:12 | Build | Farm |
| 17:14 | Build | Farm |
| 17:33 | Create | Villager (Male) |
| 17:45 | Create | Skirmisher |
| 17:45 | Create | Skirmisher |
| 17:47 | Create | Villager (Male) |
| 17:57 | Create | Villager (Male) |
| 18:12 | Create | Skirmisher |
| 18:17 | Research | Padded Archer Armor |
| 18:24 | Build | Mining Camp |
| 18:37 | Create | Skirmisher |
| 18:37 | Create | Villager (Male) |
| 18:42 | Build | Market |
| 19:20 | Build | Mining Camp |
| 19:49 | Create | Villager (Male) |
| 19:52 | Create | Scout Cavalry |
| 19:56 | Build | Farm |
| 19:57 | Create | Villager (Male) |
| 20:07 | Create | Villager (Male) |
| 20:12 | Research | Wheelbarrow |
| 20:18 | Research | Gold Mining |
| 20:19 | Research | Stone Mining |
| 20:22 | Create | Villager (Male) |
| 20:42 | Create | Villager (Male) |
| 20:59 | Create | Scout Cavalry |
| 21:09 | Create | Villager (Male) |
| 21:22 | Create | Villager (Male) |
| 21:25 | Create | Scout Cavalry |
| 21:33 | Build | House |
| 21:48 | Create | Villager (Male) |
| 22:08 | Build | Farm |
| 22:14 | Build | Watch Tower |
| 22:28 | Create | Villager (Male) |
| 22:40 | Research | Castle Age |
| 23:04 | Create | Skirmisher |
| 23:04 | Create | Skirmisher |
| 23:39 | Create | Villager (Male) |
| 23:55 | Create | Villager (Male) |
| 24:12 | Build | Farm |
| 24:14 | Build | Farm |
| 24:25 | Build | Stable |
| 24:40 | Build | House |
| 24:44 | Create | Villager (Male) |
| 25:02 | Build | Lumber Camp |
| 25:06 | Build | Lumber Camp |
| 25:24 | Age | Castle Age |
| 25:33 | Build | Castle |
| 25:42 | Research | Bloodlines |
| 25:43 | Research | Husbandry |
| 25:47 | Create | Villager (Male) |
| 25:51 | Build | Town Center |
| 25:57 | Research | Bow Saw |
| 25:59 | Research | Scale Barding Armor |
| 26:07 | Create | Villager (Male) |
| 26:24 | Create | Villager (Male) |
| 26:35 | Create | Unit 1949 |
| 26:50 | Build | Farm |
| 26:52 | Build | Farm |
| 26:55 | Build | Farm |
| 27:00 | Build | Farm |
| 27:02 | Build | Farm |
| 27:03 | Create | Villager (Male) |
| 27:08 | Create | Unit 1949 |
| 27:18 | Build | Farm |
Build order — M1NT
First 150 of 480 actions detected
| 0:00 | Create | Villager (Male) |
| 0:01 | Create | Villager (Male) |
| 0:03 | Build | House |
| 0:04 | Build | House |
| 0:24 | Create | Villager (Male) |
| 0:24 | Create | Villager (Male) |
| 1:23 | Create | Villager (Male) |
| 2:04 | Create | Villager (Male) |
| 2:22 | Create | Villager (Male) |
| 2:43 | Build | House |
| 2:45 | Build | Lumber Camp |
| 2:56 | Create | Villager (Male) |
| 3:07 | Create | Villager (Male) |
| 3:57 | Create | Villager (Male) |
| 3:58 | Create | Villager (Male) |
| 4:11 | Create | Villager (Male) |
| 4:11 | Create | Villager (Male) |
| 4:52 | Create | Villager (Male) |
| 5:01 | Create | Villager (Male) |
| 5:57 | Build | Mill |
| 6:05 | Create | Villager (Male) |
| 6:08 | Research | Loom |
| 6:51 | Research | Feudal Age |
| 7:22 | Create | Villager (Male) |
| 7:24 | Create | Villager (Male) |
| 7:24 | Create | Villager (Male) |
| 7:28 | Build | House |
| 7:44 | Build | Mining Camp |
| 8:41 | Build | Barracks |
| 8:43 | Build | House |
| 9:06 | Build | House |
| 9:27 | Age | Feudal Age |
| 9:30 | Research | Double-Bit Axe |
| 9:34 | Research | Horse Collar |
| 9:41 | Create | Spearman |
| 10:07 | Build | Palisade Wall |
| 10:13 | Build | Archery Range |
| 10:14 | Create | Villager (Male) |
| 10:24 | Build | Farm |
| 10:41 | Build | House |
| 10:58 | Build | Farm |
| 11:00 | Build | Farm |
| 11:06 | Build | House |
| 11:11 | Build | Palisade Gate |
| 11:12 | Create | Villager (Male) |
| 11:21 | Create | Archer |
| 11:21 | Create | Archer |
| 11:22 | Create | Archer |
| 11:23 | Create | Skirmisher |
| 11:40 | Build | Farm |
| 11:56 | Build | Palisade Wall |
| 12:02 | Create | Villager (Male) |
| 12:09 | Build | Blacksmith |
| 12:22 | Build | Farm |
| 12:24 | Create | Villager (Male) |
| 12:43 | Build | Archery Range |
| 12:50 | Create | Villager (Male) |
| 12:52 | Build | Farm |
| 12:56 | Build | House |
| 13:06 | Create | Spearman |
| 13:26 | Build | House |
| 13:29 | Build | Palisade Wall |
| 13:31 | Build | Palisade Wall |
| 13:34 | Build | Palisade Wall |
| 13:38 | Create | Villager (Male) |
| 13:46 | Create | Archer |
| 13:47 | Create | Archer |
| 14:03 | Create | Villager (Male) |
| 14:03 | Create | Villager (Male) |
| 14:05 | Build | Farm |
| 14:09 | Build | House |
| 14:13 | Build | Market |
| 14:18 | Create | Villager (Male) |
| 14:55 | Create | Archer |
| 15:05 | Build | Farm |
| 15:06 | Build | Farm |
| 15:07 | Create | Villager (Male) |
| 15:12 | Research | Fletching |
| 15:40 | Build | Farm |
| 15:40 | Create | Villager (Male) |
| 15:59 | Build | Farm |
| 16:00 | Create | Villager (Male) |
| 16:10 | Create | Archer |
| 16:17 | Build | Farm |
| 16:17 | Build | Farm |
| 16:17 | Build | Farm |
| 16:37 | Research | Padded Archer Armor |
| 16:40 | Build | Farm |
| 16:43 | Create | Villager (Male) |
| 16:43 | Create | Villager (Male) |
| 17:08 | Create | Villager (Male) |
| 17:09 | Create | Skirmisher |
| 17:22 | Build | Farm |
| 17:29 | Build | Palisade Wall |
| 17:31 | Create | Villager (Male) |
| 18:01 | Create | Villager (Male) |
| 18:23 | Create | Skirmisher |
| 18:31 | Build | House |
| 18:34 | Build | Palisade Wall |
| 18:49 | Create | Villager (Male) |
| 19:33 | Create | Skirmisher |
| 19:50 | Research | Castle Age |
| 19:55 | Build | Stable |
| 19:59 | Create | Skirmisher ×4 |
| 20:17 | Build | House |
| 20:28 | Build | House |
| 20:31 | Build | Palisade Wall |
| 20:32 | Build | Palisade Wall |
| 20:36 | Build | Palisade Wall |
| 20:42 | Create | Skirmisher ×5 |
| 20:42 | Create | Skirmisher ×5 |
| 21:05 | Create | Spearman |
| 21:14 | Build | House |
| 21:15 | Build | House |
| 21:16 | Build | House |
| 21:18 | Build | Lumber Camp |
| 21:21 | Create | Skirmisher ×5 |
| 21:54 | Research | Scale Barding Armor |
| 22:07 | Research | Scale Mail Armor |
| 22:14 | Create | Skirmisher ×5 |
| 22:29 | Build | House |
| 22:30 | Build | House |
| 22:30 | Age | Castle Age |
| 22:50 | Research | Bodkin Arrow |
| 22:55 | Research | Bow Saw |
| 22:56 | Create | Villager (Male) |
| 23:27 | Create | Villager (Male) |
| 23:28 | Create | Villager (Male) |
| 23:28 | Create | Villager (Male) |
| 23:53 | Research | Elite Skirmisher (upgrade) |
| 24:00 | Create | Villager (Male) |
| 24:17 | Research | Pikeman (upgrade) |
| 24:18 | Research | Squires |
| 24:25 | Build | Siege Workshop |
| 24:40 | Create | Villager (Male) |
| 24:54 | Create | Spearman |
| 24:54 | Create | Spearman |
| 25:07 | Create | Villager (Male) |
| 25:19 | Create | Spearman |
| 25:48 | Build | Town Center |
| 25:49 | Create | Villager (Male) |
| 25:50 | Create | Villager (Male) |
| 25:50 | Research | Wheelbarrow |
| 25:57 | Build | Outpost |
| 26:06 | Build | Outpost |
| 26:08 | Create | Spearman |
| 26:19 | Build | House |
| 26:29 | Create | Spearman |
| 26:33 | Research | Forging |
| 26:39 | Create | Scorpion |
Match timeline
| 8:10 | Kepawer · first_building Barracks |
| 8:41 | M1NT · first_building Barracks |
| 9:25 | Kepawer · age_up feudal |
| 9:27 | Kepawer · first_building Stable |
| 9:27 | M1NT · age_up feudal |
| 10:07 | M1NT · wall_segment Palisade Wall x6 |
| 10:13 | M1NT · first_building Archery Range |
| 11:18 | Kepawer · wall_segment Palisade Wall x11 |
| 11:56 | M1NT · wall_segment Palisade Wall x7 |
| 12:21 | Kepawer · wall_segment Palisade Wall x1 |
| 13:29 | M1NT · wall_segment Palisade Wall x1 |
| 13:31 | M1NT · wall_segment Palisade Wall x1 |
| 13:32 | Kepawer · wall_segment Palisade Wall x7 |
| 13:34 | M1NT · wall_segment Palisade Wall x1 |
| 13:49 | Kepawer · wall_segment Palisade Wall x15 |
| 14:44 | Kepawer · first_building Archery Range |
| 17:29 | M1NT · wall_segment Palisade Wall x1 |
| 18:34 | M1NT · wall_segment Palisade Wall x9 |
| 19:25 | M1NT · first_market_sell 100 wood |
| 19:25 | M1NT · first_market_buy 100 food |
| 19:55 | M1NT · first_building Stable |
| 20:31 | M1NT · wall_segment Palisade Wall x3 |
| 20:32 | M1NT · wall_segment Palisade Wall x2 |
| 20:36 | M1NT · wall_segment Palisade Wall x4 |
| 22:30 | M1NT · age_up castle |
| 24:25 | M1NT · first_building Siege Workshop |
| 25:10 | Kepawer · first_market_sell 100 wood |
| 25:14 | Kepawer · first_market_buy 100 stone |
| 25:24 | Kepawer · age_up castle |
| 25:33 | Kepawer · first_building Castle |
| 27:06 | M1NT · first_building Monastery |
| 27:45 | M1NT · wall_segment Palisade Wall x1 |
| 28:30 | Kepawer · first_building Monastery |
| 29:45 | Kepawer · first_building Siege Workshop |
| 33:27 | M1NT · wall_segment Palisade Wall x1 |
| 35:41 | M1NT · first_building Castle |
| 38:12 | Kepawer · age_up imperial |
| 41:43 | M1NT · age_up imperial |
| 58:14 | Kepawer · resign |
[ AI ANALYSIS · 1 CREDIT ]
What really happened in this match?
Wolo.gg analyzes every decision: build order, eco, micro, common mistakes by bracket. Personalized analysis on WhatsApp or Discord in 30 seconds.
Civ guide
Wei
Map guide
Arabia
Perfil
Jugador #48694